[Event "*** Titled Tuesday Blitz"]
[Site "Chess.com"]
[Date "2019.02.05"]
[Round "8"]
[White "Zq1"]
[Black "SCIM"]
[Result "1-0"]
[WhiteElo "2515"]
[BlackElo "2401"]
[TimeControl "180+2"]
[EndTime "14:56:54 PST"]
[Termination "Zq1 won by resignation"]

1. d4 Nf6 2. c4 e6 3. g3 Bb4+ 4. Nd2 O-O 5. Bg2 d5 6. Nf3 c5 7. dxc5 Bxc5 8. O-O Nc6 9. a3 dxc4 10.
Nxc4 Qxd1 11. Rxd1 Bd7 12. Be3 Bxe3 13. Nxe3 Rfd8 14. Nc4 Be8 15. Nfe5 Nxe5 16. Nxe5 Nd5 17. Bxd5 exd5 18. Rac1 Bb5 19. Kf1 f6 20. Nf3 Rd7 21. Nd4 Ba6 22. Ke1 Kf7 23. Kd2 Re8 24. f3 Rde7 25.
Re1 Rd7 26. Rc3 Rde7 27. e3 h5 28. h4 Rd7 29. Rec1 Red8 30. Rc8 Rxc8 31. Rxc8 b6 32. Ra8 Bf1 33. Nc6 Bb5 34. Nxa7 Ba6 35. Nc8 Bb7 36. Rb8 d4 37. e4 Bxc8 38. Rxc8 Rd6 39. Kd3 g5 40. Rc4 gxh4 41. gxh4 Kg6 42. Rxd4 Rc6 43.
Kd2 f5 44. exf5+ 1-0

[Event "*** Titled Tuesday Blitz"]
[Site "Chess.com"]
[Date "2019.02.05"]
[Round "8"]
[White "cool4chess"]
[Black "HElissalt"]
[Result "1-0"]
[WhiteElo "2321"]
[BlackElo "2115"]
[TimeControl "180+2"]
[EndTime "14:56:57 PST"]
[Termination "cool4chess won by resignation"]

1. e4 d6 2. d4 Nf6 3. Nc3 e5 4. Nge2 Nbd7 5. g3 Be7 6. Bg2 O-O 7. O-O c6 8. Kh1 b6 9. f4 Ba6 10. Be3 Re8 11. h3 Bf8 12. Rf2 Bb7 13. Qd2 exd4 14. Qxd4 c5 15. Qd3 c4 16. Qd4 d5 17. e5 Bc5 18. Qd2 Ne4 19. Nxe4 dxe4 20. Nc3 Nf8 21. Qe2 f5 22. Bxc5 bxc5 23. Qxc4+ Ne6 24. Rd1 Qb6 25. Rd6 Qb4 26. Qxb4 cxb4 27. Nd5 Nd4 28. Nc7 e3 29. Rf1 e2 30. Re1 Nxc2 31. Rxe2 Bxg2+ 32. Kxg2 b3 33.
axb3 Nb4 34. Nxa8 Rxa8 35. Red2 a5 36. Rd8+ Rxd8 37. Rxd8+ Kf7 38. Ra8 Nd3 39. Rxa5 Nxb2 40. Ra7+ 1-0

[Event "*** Titled Tuesday Blitz"]
[Site "Chess.com"]
[Date "2019.02.05"]
[Round "8"]
[White "SergioGarciaFuentes"]
[Black "Chess2019Player"]
[Result "0-1"]
[WhiteElo "1991"]
[BlackElo "2065"]
[TimeControl "180+2"]
[EndTime "14:56:59 PST"]
[Termination "Chess2019Player won by resignation"]

1. d4 Nf6 2. Nf3 c5 3. d5 e6 4. c4 exd5 5. cxd5 d6 6. Nc3 g6 7. e4 Bg7 8. Bb5+ Bd7 9. Bxd7+ Qxd7 10. e5 dxe5 11. Nxe5 Qe7 12. O-O O-O 13. Re1 Qd8 14.
Bg5 Nbd7 15. Ng4 Qb6 16. Nh6+ Kh8 17. Qd2 Qd6 18. Bf4 Bxh6 19. Bxh6 Rfe8 20. b3 a6 21. Qb2 Ne5 22. Rad1 Neg4 23. g3 Nxh6 24. Ne4 Rxe4 25. Rxe4 Kg7 26. Qe5 Nf5 27. Qxd6 Nxd6 28. Re7 Rc8 29.
Kg2 Kf8 30. Re3 b5 31. Rf3 Kg7 32. Rc3 c4 33. bxc4 bxc4 34. f3 Rc5 35. Ra3 Nxd5 36.
Rxa6 Ne3+ 37. Kg1 Nxd1 0-1

[Event "*** Titled Tuesday Blitz"]
[Site "Chess.com"]
[Date "2019.02.05"]
[Round "8"]
[White "GataKamsky1974"]
[Black "WhiteKnight2612"]
[Result "1-0"]
[WhiteElo "2739"]
[BlackElo "2572"]
[TimeControl "180+2"]
[EndTime "14:57:03 PST"]
[Termination "GataKamsky1974 won by checkmate"]

1. d4 d5 2. Nf3 Nf6 3. Bf4 Bf5 4. e3 e6 5. c4 c6 6. Nc3 h6 7.
Qb3 Qd7 8. h3 Bd6 9. Bxd6 Qxd6 10. Qxb7 O-O 11. c5 Qd7 12. Qxd7 Nbxd7 13. Be2 Rfb8 14. b3 a5 15. O-O Ne4 16. Na4 f6 17.
Rfc1 e5 18. Nh4 Be6 19. Bg4 Kf7 20. f3 Ng3 21. Kf2 f5 22. Kxg3 fxg4 23. fxg4 exd4 24.
exd4 Rb4 25. Rf1+ Kg8 26. Rad1 Nf6 27. Ng6 Ra7 28. Ne5 Rc7 29. Kf4 Bc8 30. Ke3 Ba6 31. Rf3 Bb5 32. Nc3 a4 33. bxa4 Bxa4 34. Rb1 Rxb1 35. Nxb1 Ne4 36. Nd2 Nc3 37. Kf2 Nb5 38. Ke3 Nc3 39. a3 Rb7 40. Rf1 Nd1+ 41. Ke2 Nc3+ 42. Kf3 Rb2 43. Ke3 Ra2 44. Nef3 Rxa3 45. Kf4 Ne2+ 46. Ke5 Bb5 47. Re1 Nc3 48. Kd6 Ne2 49. h4 Nf4 50. Re8+ Kh7 51. h5 Rd3 52. g3 Nh3 53. Ne5 Rxd2 54. Ng6 Ng5 55. Rh8# 1-0

[Event "*** Titled Tuesday Blitz"]
[Site "Chess.com"]
[Date "2019.02.05"]
[Round "8"]
[White "GMsKoRPioN"]
[Black "Quiet_Desperation"]
[Result "1-0"]
[WhiteElo "2561"]
[BlackElo "2415"]
[TimeControl "180+2"]
[EndTime "14:57:05 PST"]
[Termination "GMsKoRPioN won by resignation"]

1. d4 Nf6 2. c4 e6 3. Nc3 Bb4 4. Qc2 Nc6 5. Nf3 d6 6. a3 Bxc3+ 7. Qxc3 Qe7 8. g3 O-O 9. Bg2 e5 10. dxe5 dxe5 11. O-O Bg4 12. b4 Rfe8 13. e3 Rad8 14.
b5 e4 15. Ng5 Ne5 16. Bb2 Nf3+ 17. Nxf3 exf3 18. Bh1 Qe4 19. Rfd1 h5 20. Rd4 Rxd4 21. Qxd4 Qxd4 22. Bxd4 Ne4 23. h3 Bxh3 24. Bxf3 Bg4 25. Bxg4 hxg4 26. Rc1 b6 27. c5 Re6 28. cxb6 cxb6 29. Rc8+ Kh7 30. Rc7 Ng5 31. Kf1 Nf3 32. Rxf7 Rh6 33. Rxg7+ Kh8 34. Rxg4+ Nxd4 35. Rxd4 Rh1+ 36.
Kg2 Rb1 37. a4 Ra1 38. Rd8+ 1-0

[Event "*** Titled Tuesday Blitz"]
[Site "Chess.com"]
[Date "2019.02.05"]
[Round "8"]
[White "GremioPrudente"]
[Black "sandager"]
[Result "0-1"]
[WhiteElo "2055"]
[BlackElo "2135"]
[TimeControl "180+2"]
[EndTime "14:57:06 PST"]
[Termination "sandager won on time"]

1. Nf3 Nf6 2. d4 g6 3. Bg5 Bg7 4. Nbd2 d5 5. c3 Nbd7 6. e3 O-O 7. Bd3 c5 8. O-O b6 9. Qe2 Bb7 10. Rad1 Qc7 11. Rfe1 Rfe8 12. Bf4 Qc8 13. Ne5 Ne4 14.
Nxe4 Nxe5 15. Bxe5 dxe4 16. Bb5 Rd8 17. Bxg7 Kxg7 18.
dxc5 Qxc5 19. Ba6 Bc6 20. Qc4 Qxc4 21. Bxc4 e6 22. Rd4 e5 23. Rdd1 Kf6 24. Kf1 Ke7 25. Ke2 f6 26. Rxd8 Rxd8 27. Rd1 Rxd1 28. Kxd1 h6 29.
Kc2 Kd6 30. Bf7 g5 31. b4 Bd5 32. Bxd5 Kxd5 33. Kb3 b5 34. f3 f5 35. a3 exf3 36.
gxf3 e4 37. fxe4+ Kxe4 38. c4 bxc4+ 39. Kxc4 Kxe3 40. a4 f4 41. b5 f3 42. a5 f2 43.
b6 f1=Q+ 44. Kc5 Qf5+ 45. Kc6 Qxa5 0-1

[Event "*** Titled Tuesday Blitz"]
[Site "Chess.com"]
[Date "2019.02.05"]
[Round "8"]
[White "Jospem"]
[Black "xberli"]
[Result "1-0"]
[WhiteElo "2866"]
[BlackElo "2545"]
[TimeControl "180+2"]
[EndTime "14:57:08 PST"]
[Termination "Jospem won by resignation"]

1. e4 c5 2. Nf3 d6 3. d4 cxd4 4.
Nxd4 Nf6 5. Nc3 a6 6. f3 e5 7. Nb3 Be6 8. Be3 h5 9. Qd2 Nbd7 10. O-O-O Rc8 11. Kb1 Be7 12. h4 Nb6 13. Bg5 Nc4 14.
Bxc4 Rxc4 15. Bxf6 gxf6 16. Qd3 Qc7 17. Nd5 Bxd5 18.
Qxd5 b5 19. c3 Rg8 20. Qd2 Kd7 21. Qe2 Rb8 22. Nd2 Rc6 23. Nf1 b4 24. c4 b3 25.
a3 Rxc4 26. Ne3 Rc6 27. Nd5 Rc2 28. Qd3 Qc6 29. Ne3 Rc5 30. Rc1 Rc8 31. Rxc5 Qxc5 32. Qxb3 a5 33. Nd5 Kd8 34. Rd1 Qc6 35. Qb6+ Qxb6 36.
Nxb6 Rb8 37. Nc4 Kd7 38. Nxa5 Ke6 39. Nc4 Rg8 40. Ne3 f5 41. exf5+ Kd7 42. g4 Bxh4 43. Nc4 Ke7 44. gxh5 Rd8 45. a4 Bf6 46. Nb6 Bh8 47. a5 Rb8 48. h6 e4 49. fxe4 Be5 50. h7 Kf6 51. Nd7+ 1-0

[Event "*** Titled Tuesday Blitz"]
[Site "Chess.com"]
[Date "2019.02.05"]
[Round "8"]
[White "justantan"]
[Black "Sosat98"]
[Result "1-0"]
[WhiteElo "2719"]
[BlackElo "2602"]
[TimeControl "180+2"]
[EndTime "14:57:10 PST"]
[Termination "justantan won by resignation"]

1. e4 c5 2. Nf3 d6 3. d4 cxd4 4. Nxd4 Nf6 5. Nc3 Nc6 6. Bg5 e6 7. Qd2 a6 8. O-O-O Be7 9. f4 Bd7 10. Nf3 b5 11. Bd3 Qb6 12. Kb1 h6 13. Bh4 g5 14. fxg5 Ng4 15. g6 fxg6 16. Bxe7 Kxe7 17. Bxb5 Nce5 18. Bxd7 Kxd7 19. h3 Nxf3 20. gxf3 Nf2 21. Na4 Qc6 22. Qxf2 Qxa4 23. Rd4 Qc6 24. Rhd1 Rad8 25.
Qg3 Kc7 26. Qxg6 e5 27. R4d3 Rhg8 28. Qf7+ Kb8 29. Rb3+ Ka8 30. Rc3 Qb7 31. Qf6 d5 32. Rb3 Qc8 33. Rc3 Qb7 34. a3 d4 35. Rb3 Qc8 36.
Qxe5 Rg2 37. Ka2 Rxc2 38. Rxd4 Rg8 39. Rd6 Rc7 40. Qd5+ Ka7 41. Qd4+ Ka8 42. Rbb6 Rg1 43. Rxa6+ Kb8 44. Rdb6+ Rb7 45. Rxb7+ Qxb7 46. Qd8+ Qc8 47. Ra8+ Kxa8 48. Qxc8+ 1-0

[Event "*** Titled Tuesday Blitz"]
[Site "Chess.com"]
[Date "2019.02.05"]
[Round "8"]
[White "WPWPWP-2015"]
[Black "nochewycandy"]
[Result "1-0"]
[WhiteElo "2343"]
[BlackElo "2335"]
[TimeControl "180+2"]
[EndTime "14:57:15 PST"]
[Termination "WPWPWP-2015 won by resignation"]

1. e4 g6 2. d4 Bg7 3. Nc3 d6 4. h3 a6 5. a4 b6 6. Nf3 e6 7.
Bg5 Ne7 8. Be2 h6 9. Be3 Nd7 10. Qd2 Bb7 11. O-O g5 12. Ne1 Ng6 13. Bh5 O-O 14. Nd3 Nf6 15. Bxg6 fxg6 16. e5 Ne4 17. Nxe4 Bxe4 18. f3 Bxd3 19. Qxd3 dxe5 20. Qxg6 exd4 21. Qxe6+ Kh8 22. Bf2 Qe8 23. Qc4 c5 24. Rfe1 Qd7 25. Re4 b5 26. Qxc5 Rac8 27. Qb4 Rxc2 28. Re7 Qd5 29.
Rd1 d3 30. axb5 axb5 31. b3 d2 32. Kh2 Be5+ 33. Rxe5 Qxe5+ 34. Bg3 Qe2 35. Qxf8+ Kh7 36. Qf5+ Kh8 37. Qxc2 Kg8 38. Rxd2 Qe6 39. Qc7 1-0

[Event "*** Titled Tuesday Blitz"]
[Site "Chess.com"]
[Date "2019.02.05"]
[Round "8"]
[White "AbdAlAgathos"]
[Black "Tolya2"]
[Result "0-1"]
[WhiteElo "2339"]
[BlackElo "2534"]
[TimeControl "180+2"]
[EndTime "14:57:15 PST"]
[Termination "Tolya2 won by checkmate"]

1. e4 c5 2. Nf3 d6 3. c3 Nf6 4. Be2 e6 5. O-O Be7 6. Re1 O-O 7. Bf1 a6 8. d4 Nbd7 9. e5 dxe5 10. dxe5 Nd5 11.
Nbd2 Qc7 12. Qc2 b5 13. a4 b4 14. Qe4 Bb7 15. Qg4 bxc3 16. bxc3 Nxc3 17. Nc4 Kh8 18.
Bd3 Bxf3 19. Qxf3 Nd5 20. Qh3 g6 21. Bh6 Rfb8 22. Qf3 Kg8 23. Be4 Bf8 24. Bxf8 Nxf8 25. Nd6 Rb4 26. Bxd5 exd5 27. Qxd5 Rd8 28. h4 Rd4 29.
Qa2 c4 30. h5 c3 31. Rac1 Ne6 32. hxg6 hxg6 33. Re3 R8xd6 34. exd6 Qxd6 35. Rexc3 Rd1+ 36. Rxd1 Qxd1+ 37. Kh2 Qd6+ 38. g3 Ng5 39. Qe2 Qd5 40. Rc8+ Kg7 41. Qb2+ f6 42. Rc7+ Kh6 43. Qxf6 Nf3+ 44.
Kh3 Ng5+ 45. Kg4 Qe4+ 46. Qf4 Qe6+ 47. Kh4 Qh3# 0-1

[Event "*** Titled Tuesday Blitz"]
[Site "Chess.com"]
[Date "2019.02.05"]
[Round "8"]
[White "Synctel"]
[Black "ori99"]
[Result "1-0"]
[WhiteElo "1932"]
[BlackElo "2013"]
[TimeControl "180+2"]
[EndTime "14:57:15 PST"]
[Termination "Synctel won by checkmate"]

1. d4 Nf6 2. Nf3 b6 3. e3 Bb7 4. Bd3 e6 5. Nbd2 d5 6. O-O Bd6 7. Ne5 Nbd7 8. f4 Qe7 9. Qf3 O-O-O 10. b3 Ne4 11. Nxe4 dxe4 12. Bxe4 Bxe4 13. Qxe4 Bxe5 14. Qa8+ Nb8 15. fxe5 f6 16. exf6 gxf6 17. a4 Rd5 18. e4 Rh5 19. Bf4 e5 20. dxe5 fxe5 21. Bg3 Rg8 22. Rf3 Qc5+ 23. Kh1 Qxc2 24. Raf1 Rd8 25. h3 Rg5 26. Kh2 h5 27. h4 Rg4 28. Rf8 Rg8 29. Rxd8+ Rxd8 30. Bxe5 Qxb3 31. Rc1 Rd7 32. Bg3 Qe3 33. Re1 Qc3 34. Rf1 Qg7 35. e5 Rd3 36.
Rf3 Rd4 37. e6 Rxa4 38. Rf7 Qg8 39. Rxc7+ Kd8 40. Qxb8# 1-0

[Event "*** Titled Tuesday Blitz"]
[Site "Chess.com"]
[Date "2019.02.05"]
[Round "8"]
[White "Alexander_Donchenko"]
[Black "Sanan_Sjugirov"]
[Result "0-1"]
[WhiteElo "2683"]
[BlackElo "2835"]
[TimeControl "180+2"]
[EndTime "14:57:16 PST"]
[Termination "Sanan_Sjugirov won by checkmate"]

1. Nf3 c5 2. c4 Nc6 3. Nc3 e5 4. g3 g6 5. Bg2 Bg7 6. O-O Nge7 7.
a3 O-O 8. Rb1 d5 9. cxd5 Nxd5 10.
Nxe5 Nxc3 11. Nxc6 Nxe2+ 12. Qxe2 bxc6 13. b4 Re8 14. Qf3 Ba6 15. d3 Bxd3 16. Rd1 Bxb1 17. Rxd8 Raxd8 18.
Be3 Be4 19. Qe2 Bxg2 20. Kxg2 cxb4 21. axb4 Bd4 22. h4 Bxe3 23. fxe3 Re5 24. Qc4 Rxe3 25. h5 Rd2+ 26. Kh3 Rdd3 27. h6 Rxg3+ 28. Kh2 Rh3+ 29. Kg2 Rdg3+ 30. Kf2 Rg5 31. Qc1 Rgh5 32. b5 Rh1 33. Qxc6 Rf5+ 34. Kg3 Rxh6 35. Qa8+ Kg7 36. Qxa7 Rg5+ 37. Kf4 Rh4+ 38. Kxg5 Rb4 39. b6 h6# 0-1

[Event "*** Titled Tuesday Blitz"]
[Site "Chess.com"]
[Date "2019.02.05"]
[Round "8"]
[White "GelmanAlexander"]
[Black "StanislavNovikov"]
[Result "0-1"]
[WhiteElo "2513"]
[BlackElo "2685"]
[TimeControl "180+2"]
[EndTime "14:57:16 PST"]
[Termination "StanislavNovikov won by resignation"]

1. f4 g6 2. Nf3 Bg7 3. g3 Nf6 4. Bg2 O-O 5. O-O d6 6. d3 c5 7. Nc3 Nc6 8. h3 Rb8 9. a4 a6 10. Nh4 Bd7 11. f5 b5 12. axb5 axb5 13. Bg5 b4 14.
Nd5 e6 15. fxe6 fxe6 16. Nxf6+ Bxf6 17. Rxf6 Rxf6 18. Qd2 Qf8 19. Bxf6 Qxf6 20. Rf1 Qxb2 21. Bxc6 Bxc6 22. Qf4 Qd4+ 23. Qxd4 cxd4 24. Nf3 Bxf3 25.
Rxf3 Rf8 26. Kf2 e5 27. g4 d5 28. Rxf8+ Kxf8 29. Kf3 Ke7 30. g5 Kd6 31. h4 Kc5 32. Kg4 Kb5 33. Kf3 Ka4 34. Kf2 Ka3 35. Ke1 Kb2 36.
Kd2 e4 37. Kd1 e3 0-1

[Event "*** Titled Tuesday Blitz"]
[Site "Chess.com"]
[Date "2019.02.05"]
[Round "8"]
[White "Entilza"]
[Black "Shivagami"]
[Result "1-0"]
[WhiteElo "2221"]
[BlackElo "2139"]
[TimeControl "180+2"]
[EndTime "14:57:17 PST"]
[Termination "Entilza won by checkmate"]

1. d4 d5 2. c4 c6 3. Nc3 Nf6 4. Nf3 dxc4 5. a4 Bf5 6. e3 Nbd7 7. Bxc4 e6 8. O-O Bb4 9. Qb3 Qb6 10. Nh4 Bg4 11. f3 Bh5 12. g4 Bg6 13. Bd2 a5 14.
Kg2 Qd8 15. Nxg6 hxg6 16. e4 Nxg4 17. fxg4 Qh4 18. Bf4 Qxg4+ 19. Kh1 g5 20. Bc7 Rc8 21. Be2 Qh4 22. Rxf7 Kxf7 23. Rf1+ Nf6 24. Be5 Ke7 25.
Kg1 Rh7 26. Bg3 Qh3 27. d5 cxd5 28. exd5 e5 29. d6+ Kd7 30. Qf7+ Kxd6 31. Rd1+ Kc6 32. Bf3+ Kb6 33. Qxb7+ Kc5 34. Qb5# 1-0

[Event "*** Titled Tuesday Blitz"]
[Site "Chess.com"]
[Date "2019.02.05"]
[Round "8"]
[White "arctic_t00"]
[Black "dmosesov"]
[Result "1-0"]
[WhiteElo "2366"]
[BlackElo "2348"]
[TimeControl "180+2"]
[EndTime "14:57:20 PST"]
[Termination "arctic_t00 won by resignation"]

1. d4 Nf6 2. Nf3 b6 3. c4 Bb7 4. Nc3 e6 5. a3 g6 6. d5 Bg7 7. e4 exd5 8. exd5 O-O 9. Be2 c6 10.
O-O cxd5 11. cxd5 Na6 12. Bg5 h6 13. Bf4 Nc5 14. Rc1 Re8 15. b4 Nce4 16. Nxe4 Nxe4 17. Qd3 d6 18. Rfe1 f5 19. Nd4 Qh4 20. g3 Qf6 21.
Ne6 Rac8 22. Bf3 g5 23. Be3 Rc3 24. Rxc3 Qxc3 25. Qxc3 Bxc3 26. Rc1 Bxd5 27. Nc7 Bb2 28. Rb1 Bc6 29. Nxe8 Bxa3 30. Nxd6 g4 31. Nxf5 gxf3 32.
Ne7+ Kf7 33. Nxc6 a5 34. bxa5 bxa5 35. Ne5+ Ke6 36. Nxf3 1-0

[Event "*** Titled Tuesday Blitz"]
[Site "Chess.com"]
[Date "2019.02.05"]
[Round "8"]
[White "GukeshDommaraju"]
[Black "Astaneh"]
[Result "1-0"]
[WhiteElo "2691"]
[BlackElo "2555"]
[TimeControl "180+2"]
[EndTime "14:57:23 PST"]
[Termination "GukeshDommaraju won by resignation"]

1. e4 e5 2. Nf3 Nc6 3. Bc4 Bc5 4. O-O Nf6 5. d4 Bxd4 6. Nxd4 Nxd4 7. f4 d6 8. fxe5 dxe5 9. Bg5 Qe7 10. c3 Ne6 11. Bxf6 Qc5+ 12. Kh1 Qxc4 13. Bxe5 O-O 14. Nd2 Qb5 15.
Nf3 Qxb2 16. Nh4 f6 17. Bg3 Ng5 18. e5 Be6 19. exf6 Rxf6 20. Rxf6 gxf6 21. Rb1 Qxc3 22.
Rxb7 Ne4 23. Be1 Qc4 24. Qf3 Bd5 25. Rb1 Kh8 26. h3 Rg8 27. Kh2 Qd4 28. Rd1 Qe5+ 29. Kg1 c6 30. Qe3 Re8 31. Qh6 Ng5 32. Ng6+ Kg8 33.
Nxe5 Rxe5 34. Qxf6 Nf7 35. Bc3 Rg5 36. g4 h5 37. Re1 hxg4 38. Re8+ Kh7 39. Rh8+ Nxh8 40.
Qxg5 1-0

[Event "*** Titled Tuesday Blitz"]
[Site "Chess.com"]
[Date "2019.02.05"]
[Round "8"]
[White "iLuusions"]
[Black "Feegus"]
[Result "1-0"]
[WhiteElo "2616"]
[BlackElo "2384"]
[TimeControl "180+2"]
[EndTime "14:57:23 PST"]
[Termination "iLuusions won by checkmate"]

1. d4 Nf6 2. c4 c5 3. d5 b5 4. Nd2 g6 5. b3 Bg7 6. Bb2 O-O 7. Qc2 d6 8. e4 b4 9. Bd3 a5 10. Ne2 e6 11. O-O Re8 12. h3 Ra7 13. Rae1 a4 14. f4 a3 15. Ba1 exd5 16. e5 dxe5 17. fxe5 Ne4 18. Bxe4 dxe4 19. Nxe4 Bf5 20. N2g3 Bxe5 21. Nf6+ Qxf6 22. Nxf5 gxf5 23. Kh1 f4 24. Re4 Rae7 25.
Bxe5 Rxe5 26. Rexf4 Qg6 27. Qf2 Re2 28. Qf3 R8e3 29. Qa8 Kg7 30. Rg4 Nd7 31. Rxg6+ hxg6 32. Qc6 Ne5 33. Qxc5 Nd3 34. Qd4+ Kh7 35. Rxf7+ Kh6 36.
Qh4# 1-0

[Event "*** Titled Tuesday Blitz"]
[Site "Chess.com"]
[Date "2019.02.05"]
[Round "8"]
[White "kleinebeer98"]
[Black "VerdeNotte"]
[Result "1-0"]
[WhiteElo "2729"]
[BlackElo "2820"]
[TimeControl "180+2"]
[EndTime "14:57:24 PST"]
[Termination "kleinebeer98 won by resignation"]

1. e4 c5 2. Nf3 a6 3. Nc3 d6 4. g3 g6 5. d4 cxd4 6. Nxd4 Bg7 7. Bg2 Nf6 8. O-O Bg4 9. Qd3 Qc8 10.
Re1 O-O 11. Nd5 Nxd5 12. exd5 Nd7 13. Rxe7 Ne5 14. Qb3 Bf6 15. Rxb7 Nd7 16. Rb4 Nc5 17.
Qc4 Bh3 18. Nc6 Re8 19. Bf4 Bxg2 20. Kxg2 Re4 21. Qxe4 Nxe4 22. Rxe4 Qf5 23. Rd4 Re8 24. Rd2 Bxb2 25. Rb1 Bc3 26. Rb8 Bxd2 27. Ne7+ Kf8 28. Rxe8+ Kxe8 29. Nxf5 Bxf4 30. gxf4 gxf5 31. Kg3 f6 32.
Kf3 Kd7 33. Ke3 Kc7 34. Kd3 Kb6 35. Kc4 Ka5 36. Kd4 Kb5 37. a3 Ka5 38. c4 Kb6 39. h3 a5 40. a4 h6 41. h4 h5 42. c5+ Kc7 43. Kc4 Kd7 44. c6+ 1-0

[Event "*** Titled Tuesday Blitz"]
[Site "Chess.com"]
[Date "2019.02.05"]
[Round "8"]
[White "LuisFSiles"]
[Black "regular_legs"]
[Result "0-1"]
[WhiteElo "2266"]
[BlackElo "2481"]
[TimeControl "180+2"]
[EndTime "14:57:25 PST"]
[Termination "regular_legs won by resignation"]

1. d4 d5 2. c4 e6 3. Nc3 Nf6 4. cxd5 exd5 5. Bg5 c6 6. e3 Be7 7. Qc2 Nbd7 8. Bd3 h6 9. Bf4 Nh5 10. Nxd5 Qa5+ 11. Nc3 Nxf4 12. exf4 Nf6 13. Ne2 O-O 14.
O-O Rd8 15. Rad1 Be6 16. a3 Nd5 17. Ne4 f5 18. Nc5 Bxc5 19. dxc5 g6 20. g3 h5 21. h4 Rd7 22. Nd4 Bf7 23. Be2 Rad8 24. Nf3 Nf6 25. Ne5 Rd2 26. b4 Rxc2 27. bxa5 Rxd1 28. Bxd1 Rxc5 29. a6 b6 30. Bf3 Bd5 31. Bxd5+ cxd5 32. Nxg6 Kf7 33. Ne5+ Kg7 34. Re1 Ra5 35. Nc6 Rxa6 36. Re7+ Kf8 37. Re5 Rxa3 38. Rxf5 Kg7 39. Rg5+ Kf7 40.
Ne5+ Ke6 41. Ng6 d4 42. Re5+ Kd6 43. f5 Ng4 44. Re6+ Kd5 45. Nf4+ Kc4 46. Rc6+ Kb5 47. Rd6 Kc5 48. Rd5+ Kc4 49. Rd7 d3 50. Rc7+ Kb4 51. Rd7 Ne5 52. Rd5 d2 53. Ne2 Ra1+ 54. Kg2 d1=Q 0-1

[Event "*** Titled Tuesday Blitz"]
[Site "Chess.com"]
[Date "2019.02.05"]
[Round "8"]
[White "Rakesh"]
[Black "albi1999"]
[Result "0-1"]
[WhiteElo "2315"]
[BlackElo "2497"]
[TimeControl "180+2"]
[EndTime "14:57:27 PST"]
[Termination "albi1999 won by resignation"]

1. e4 e5 2. d4 exd4 3. Qxd4 Nc6 4. Qe3 Nf6 5. Nc3 Bb4 6. Bd2 O-O 7. O-O-O Re8 8.
Qg3 Rxe4 9. a3 Rg4 10. Qh3 Be7 11. f3 Rg6 12. g4 h5 13. g5 d6 14. Qg2 Bf5 15.
Nge2 Nd7 16. h4 Nc5 17. Nf4 Nd4 18. Be3 Ncb3+ 19. Kb1 Nxc2 20. Qxc2 Bxc2+ 21. Kxc2 Na5 22. Bd3 Re6 23. Nxe6 fxe6 24. Rhe1 Qe8 25. f4 g6 26.
b4 Nc6 27. Bf2 Nd8 28. Bd4 Qf7 29. Rf1 c5 30. bxc5 dxc5 31. Be5 Nc6 32. Ne4 Nd4+ 33. Kb1 Qf8 34. Rg1 Qd8 35. Nf6+ Kf7 36. f5 Qb6+ 37. Ka2 Qb3+ 38. Ka1 Qxa3+ 39. Kb1 Qb3+ 40. Ka1 exf5 41. Nd7 Rc8 42. Rc1 Qa3+ 43. Kb1 Qxd3+ 44. Kb2 Qb5+ 0-1

[Event "*** Titled Tuesday Blitz"]
[Site "Chess.com"]
[Date "2019.02.05"]
[Round "8"]
[White "Tiqr777"]
[Black "otrov-11"]
[Result "1-0"]
[WhiteElo "2571"]
[BlackElo "2343"]
[TimeControl "180+2"]
[EndTime "14:57:28 PST"]
[Termination "Tiqr777 won by resignation"]

1. d4 Nf6 2. Nf3 d5 3. Bf4 c5 4. e3 Nc6 5. c3 Qb6 6. Qc1 Bf5 7. Nbd2 e6 8. h3 h6 9. Be2 Qd8 10. O-O Bd6 11. Nb3 Bxf4 12. exf4 cxd4 13. Nbxd4 Bh7 14.
Qe3 O-O 15. Ne5 Nxd4 16. Qxd4 Nd7 17. Rfe1 a6 18. Rad1 Rc8 19. Bf1 Nc5 20. Re3 f6 21. Nf3 Re8 22. c4 dxc4 23. Bxc4 Qxd4 24. Nxd4 b5 25.
Bxe6+ Nxe6 26. Rxe6 Rxe6 27. Nxe6 Rc2 28. b4 Rxa2 29. Rd7 Bf5 30. Rxg7+ Kh8 31. Re7 Bxe6 32. Rxe6 Kg7 33. f5 Ra4 34. g4 Rxb4 35. Rxa6 h5 36.
f3 hxg4 37. hxg4 Rb2 38. Rb6 b4 39. f4 b3 40. g5 fxg5 41. fxg5 Rb1+ 42. Kg2 b2 43. Rb7+ Kg8 44. g6 Rc1 45. Rxb2 Rc5 46. Rf2 Kg7 47. f6+ Kxg6 48. f7 Rg5+ 49. Kf1 1-0

[Event "*** Titled Tuesday Blitz"]
[Site "Chess.com"]
[Date "2019.02.05"]
[Round "8"]
[White "CM_Perligero"]
[Black "Witaliss"]
[Result "0-1"]
[WhiteElo "2199"]
[BlackElo "2386"]
[TimeControl "180+2"]
[EndTime "14:57:29 PST"]
[Termination "Witaliss won by resignation"]

1. Nf3 d5 2. g3 Nf6 3. Bg2 c6 4. O-O Bg4 5. d4 Nbd7 6. c4 e6 7. Qc2 Be7 8. c5 Ne4 9. Nc3 f5 10. h3 Bh5 11. Bf4 O-O 12. Ne5 Nxe5 13. Bxe5 Bf6 14. Nxe4 fxe4 15. f4 exf3 16. exf3 Bxe5 17. dxe5 Qg5 18. g4 Qe3+ 19. Qf2 Qxf2+ 20. Kxf2 Bg6 21.
Ke3 b6 22. Rac1 b5 23. f4 a5 24. b3 a4 25. b4 h6 26. a3 Ra7 27. h4 Raf7 28.
Bh3 Re7 29. Rf2 h5 30. gxh5 Bxh5 31. Rg1 Kh7 32. Kd4 Bg6 33. Rfg2 Rxf4+ 34. Ke3 Re4+ 35. Kd2 Bh5 36. Bxe6 Rxe6 37. Rxg7+ Kh6 38. Rg8 Bg6 39. h5 Bh7 40. Rf8 R4xe5 41. Rg2 Rf5 42. Rh8 Ref6 43.
Re2 Rf8 44. Re6+ R5f6 45. Rxf8 Rxe6 46. Rd8 Kxh5 47. Kc3 Kg5 48. Kd4 Be4 49. Rf8 Bf5 50. Rf7 Kf4 51. Rf8 Re4+ 52. Kc3 Re3+ 53. Kd2 Rxa3 54.
Rf6 Rb3 55. Rxc6 Rxb4 56. Rd6 Ke5 57. Rb6 a3 58. c6 a2 0-1

[Event "*** Titled Tuesday Blitz"]
[Site "Chess.com"]
[Date "2019.02.05"]
[Round "8"]
[White "Bayernbk"]
[Black "Kirill_Klukin"]
[Result "0-1"]
[WhiteElo "2443"]
[BlackElo "2624"]
[TimeControl "180+2"]
[EndTime "14:57:31 PST"]
[Termination "Kirill_Klukin won by resignation"]

1. e4 c5 2. c3 Nf6 3. e5 Nd5 4. d4 cxd4 5. Nf3 Nc6 6. cxd4 d6 7. Bc4 e6 8. O-O Be7 9. Qe2 O-O 10. Rd1 Qc7 11.
Nc3 Nxc3 12. bxc3 dxe5 13. dxe5 b6 14. Bd3 Bb7 15. Qe4 g6 16. Bh6 Rfd8 17. Qf4 Rd5 18. Be4 Rc5 19. h4 Rb8 20. Bxc6 Bxc6 21. Bg5 Bxf3 22. Bxe7 Qxe7 23. Qxf3 Rbc8 24. Rd3 Rxe5 25. Rad1 Qxh4 26. Qb7 Rf8 27. Qxa7 Rh5 28. f3 Qh2+ 29. Kf1 Rg5 30. g4 h5 31. Rd8 hxg4 32.
Qa8 Qh1+ 33. Kf2 g3+ 34. Ke3 Re5+ 35. Kf4 Rf5+ 36. Kg4 Qh5+ 37. Kxg3 Rg5+ 38. Kf2 Qh4+ 39. Kf1 Qh3+ 40. Kf2 Qh2+ 41. Ke3 Re5+ 42. Kd3 Qe2+ 0-1

[Event "*** Titled Tuesday Blitz"]
[Site "Chess.com"]
[Date "2019.02.05"]
[Round "8"]
[White "HomayoonTofighi"]
[Black "OparinGrigoriy"]
[Result "1-0"]
[WhiteElo "2762"]
[BlackElo "2907"]
[TimeControl "180+2"]
[EndTime "14:57:34 PST"]
[Termination "HomayoonTofighi won by resignation"]

1. d4 Nf6 2. Nf3 e6 3. g3 b6 4.
Bg2 Bb7 5. O-O Be7 6. c4 O-O 7. Nc3 Ne4 8. Qc2 Nxc3 9. Qxc3 d6 10. Qc2 Nd7 11. Ng5 Bxg5 12. Bxb7 Rb8 13. Bc6 Bxc1 14. Raxc1 Nf6 15. e3 a5 16. a3 Qe7 17. b4 axb4 18.
axb4 e5 19. b5 h5 20. Kg2 g6 21. Ra1 h4 22. Ra7 Kg7 23. Qc3 Rh8 24. h3 hxg3 25. fxg3 Qe6 26. h4 Qe7 27. Ra2 Nh5 28. dxe5 dxe5 29.
Raf2 f5 30. e4 f4 31. gxf4 Qxh4 32. Qxe5+ Kh7 33. f5 Qg4+ 34. Kh2 Kh6 35. Rg1 Qh4+ 36. Kg2 Qg4+ 37. Kf1 Qd1+ 38. Kg2 Qg4+ 39. Kh1 Qh3+ 40. Qh2 Qxh2+ 41. Rxh2 Rbg8 42. f6 Rf8 43. e5 Rf7 44. Be4 Rg8 45. Bd5 Rgf8 46. Bxf7 Rxf7 47. Rh4 Kh7 48. Kg2 Rd7 49. Kf3 Rd3+ 50. Ke4 Rc3 51. Rxh5+ gxh5 52. f7 1-0